Bulldogs vs Crunch

Created - Wednesday, February 11, 2015 at 23:58

Goals
1 2 3 T
Bulldogs 1 1 1 3
Crunch 0 0 2 2
Shots
1 2 3 T
Bulldogs 11 11 6 28
Crunch 7 7 11 25

1st period

1. Bulldogs , Patrick Dwyer 20 (Jordan Leopold, Matt Hunwick) at 4:10 (SH)

Penalties :
B.J. Crombeen (Ham) for Tripping (Minor) at 3:52, Andre Petersson (SYR) for Hooking (Minor) at 9:03, Ryan Whitney (Ham) for Delaying the game (Minor) at 14:00

2nd period

2. Bulldogs , Jordan Leopold 20 (Nathan Horton, Patrick Dwyer) at 11:41 (PP)

Penalties :
Andre Petersson (SYR) for High sticking (Minor) at 1:31, Andre Petersson (SYR) for Tripping (Minor) at 11:09, Chad Billins (SYR) for Tripping (Minor) at 13:13

3rd period

3. Crunch , Brett Skinner 1 (Mike Sgarbossa, Nick Jensen) at 1:53
4. Bulldogs , Mark Olver 3 (Nathan Beaulieu, B.J. Crombeen) at 5:07
5. Crunch , Travis Oleksuk 6 (Danny Syvret, Eriah Hayes) at 17:14 (PP)

Penalties :
B.J. Crombeen (Ham) for Cross-checking (Minor) at 2:37, Chad Billins (SYR) for Hooking (Minor) at 7:26, Drew LeBlanc (Ham) for Delaying the game (Minor) at 15:22, Matt Lindblad (SYR) for Fighting (Major) at 17:23, Ryan Whitney (Ham) for Fighting (Major) at 17:23, Matt Lindblad (SYR) for instigated a fight (Minor) at 17:23, Matt Lindblad (SYR) for instigated a fight (10 Minutes Misconduct) at 17:23

Goalie Stats

Eric Hartzell (Ham), 23 saves from 25 shots - (0.920), W, 26-9-5, 60:00 minutes
John Curry (SYR), 25 saves from 28 shots - (0.893), L, 18-14-7, 60:00 minutes

Players Stats for Bulldogs

Player Name              G  A  P  +/- PIM S  H  SB GA TA FO     MP     PP MP  PK MP  
------------------------------------------------------------------------------------
B.J. Crombeen            0  1  1   1  4   2  2  0  3  0  0/0    18:40   5:07   0:42 
Brandon Yip              0  0  0   1  0   0  1  1  3  0  1/1    17:25   5:07   0:00 
Cody McCormick           0  0  0   0  0   2  1  0  0  0  9/14   14:59   5:20   0:00 
Drew LeBlanc             0  0  0   0  2   1  0  0  0  0  1/6     8:21   0:00   0:00 
Jean-Francois Jacques    0  0  0   0  0   0  1  0  1  1  1/1     8:22   0:00   0:00 
Jordan Leopold           1  1  2   1  0   5  1  1  1  2  0/0    25:08   6:13   5:07 
Mark Olver               1  0  1   1  0   4  1  0  2  1  6/14   17:25   5:07   0:00 
Matt Hunwick             0  1  1   1  0   1  0  2  0  3  0/0    25:08   6:13   5:07 
Nathan Beaulieu          0  1  1   0  0   2  0  0  2  2  0/0    14:11   1:08   0:00 
Nathan Horton            0  1  1   1  0   4  0  0  5  0  3/9    21:24   5:20   6:11 
Patrick Dwyer            1  1  2   1  0   2  3  0  3  0  0/0    21:24   5:20   6:11 
Patrick Kaleta           0  0  0  -1  0   2  0  1  1  0  0/0    10:36   0:00   0:00 
Reece Scarlett           0  0  0   0  0   0  0  3  0  1  0/0    13:45   0:00   0:57 
Ryan Carter              0  0  0  -1  0   0  0  0  1  0  0/0    12:49   0:00   1:38 
Ryan Whitney             0  0  0   0  7   0  4  4  2  0  0/0    19:56   3:06   1:45 
Steven Kampfer           0  0  0   0  0   1  1  0  0  1  0/0    22:04   4:14   2:42 
Trevor Smith             0  0  0  -1  0   1  2  0  1  1  6/8    12:07   0:00   0:56 
Troy Bodie               0  0  0   0  0   1  2  0  0  0  0/0     8:22   0:00   0:00 

Players Stats for Crunch

Player Name              G  A  P  +/- PIM S  H  SB GA TA FO     MP     PP MP  PK MP  
------------------------------------------------------------------------------------
Andre Petersson          0  0  0  -2  6   0  2  1  0  1  0/0    15:48   3:26   0:00 
Anton Zlobin             0  0  0   0  0   0  0  0  0  1  0/0     8:30   0:00   0:00 
Brett Skinner            1  0  1   1  0   2  1  0  1  3  0/0    19:56   0:00   5:53 
Brodie Reid              0  0  0   1  0   1  0  0  2  1  0/1     8:03   0:00   0:00 
Chad Billins             0  0  0  -1  4   3  3  0  0  2  0/0    21:42   4:12   2:01 
Corban Knight            0  0  0   0  0   2  1  0  0  0  12/19  16:54   4:23   0:00 
Danny Syvret             0  1  1  -1  0   2  0  2  0  2  0/0    24:03   4:12   4:34 
Eriah Hayes              0  1  1  -2  0   3  3  0  1  0  0/1    15:02   3:26   0:00 
Jordin Tootoo            0  0  0   0  0   3  2  0  5  1  0/0    16:54   4:23   0:00 
Karl Stollery            0  0  0  -1  0   0  1  1  1  1  0/0    16:21   3:37   0:20 
Matt Lindblad            0  0  0   1  17  1  0  0  2  0  0/0    13:16   0:00   4:26 
Mike Sgarbossa           0  1  1   1  0   0  0  0  4  1  2/6     8:02   0:00   0:00 
Nick Jensen              0  1  1   1  0   0  4  1  0  0  0/0    22:10   0:00   8:06 
Phillip Danault          0  0  0   0  0   2  1  1  1  1  4/9    14:39   0:00   5:19 
Stanislav Galiev         0  0  0   0  0   0  0  0  1  1  0/0    13:53   0:00   5:08 
Taylor Pyatt             0  0  0   0  0   4  2  2  4  1  0/0    17:48   4:23   0:53 
Travis Oleksuk           1  0  1  -2  0   1  1  0  3  0  8/17   20:25   3:26   5:08 
Zach Trotman             0  0  0  -1  0   1  0  0  0  0  0/0    16:01   3:37   0:00 

3 Stars

1 - Patrick Dwyer (Ham)
2 - Jordan Leopold (Ham)
3 - Brett Skinner (SYR)

Power Play

Bulldogs - 1 on 6 Attempt(s) - 16.67%
Crunch - 1 on 4 Attempt(s) - 25.00%

Penalty Kill

Bulldogs - 3 on 4 Attempt(s) - 75.00% - Score 1 goal in Penalty Kill
Crunch - 5 on 6 Attempt(s) - 83.33% - Score 0 goal in Penalty Kill

Team Stat

Bulldogs - Hits : 19 - Faceoff Wins : 27 - Blocked Shots : 12 - Penalty Minutes : 13
Crunch - Hits : 21 - Faceoff Wins : 26 - Blocked Shots : 8 - Penalty Minutes : 27

Official

Referees : Unknown
Linesman : Unknown

Game Notes

Matt Lindblad beats up Ryan Whitney at 17:23 of 3rd period

Finance

Level 1 -- Attendance: 1629 (81.45%) -- Ticket Income $40,725
Level 2 -- Attendance: 769 (76.90%) -- Ticket Income $7,690
Total Attendance: 2398 (79.93%)
Total Ticket Income: $48,415
Other Income: $23,723
Total Income: $72,138

Bulldogs

5 vs 5 Forward 
   Center                   Left Wing                Right Wing               Time % Phy DF OF 
 1 Cody McCormick           Patrick Dwyer            Nathan Horton            35     1   2  2  
 2 Mark Olver               B.J. Crombeen            Brandon Yip              30     1   2  2  
 3 Trevor Smith             Ryan Carter              Patrick Kaleta           22     1   2  2  
 4 Drew LeBlanc             Jean-Francois Jacques    Troy Bodie               13     1   2  2  

5 vs 5 Defense 
   Defense                  Defense                                           Time % Phy DF OF 
 1 Jordan Leopold           Matt Hunwick                                      35     1   2  2  
 2 Ryan Whitney             Steven Kampfer                                    30     1   2  2  
 3 Nathan Beaulieu          Reece Scarlett                                    22     1   2  2  
 4 Jordan Leopold           Matt Hunwick                                      13     1   2  2  

PowerPlay Forward 
   Center                   Left Wing                Right Wing               Time % Phy DF OF 
 1 Cody McCormick           Patrick Dwyer            Nathan Horton            60     1   2  2  
 2 Mark Olver               B.J. Crombeen            Brandon Yip              40     1   2  2  

PowerPlay Defense
   Defense                  Defense                                           Time % Phy DF OF 
 1 Jordan Leopold           Matt Hunwick                                      60     1   2  2  
 2 Ryan Whitney             Steven Kampfer                                    40     1   2  2  

Penalty Kill 4 Players Forward 
   Center                   Wing                     Time % Phy DF OF 
 1 Nathan Horton            Patrick Dwyer            60     1   2  2  
 2 B.J. Crombeen            Ryan Carter              40     1   2  2  

Penalty Kill 4 Players Defense
   Defense                  Defense                  Time % Phy DF OF 
 1 Jordan Leopold           Matt Hunwick             60     1   2  2  
 2 Ryan Whitney             Steven Kampfer           40     1   2  2  

Penalty Kill - 3 Players Forward 
   Forward                                           Time % Phy DF OF 
 1 Nathan Horton                                     60     1   2  2  
 2 Patrick Dwyer                                     40     1   2  2  

Penalty Kill - 3 Players Defense
   Defense                  Defense                  Time % Phy DF OF 
 1 Jordan Leopold           Matt Hunwick             60     1   2  2  
 2 Ryan Whitney             Steven Kampfer           40     1   2  2  

4 vs 4 Forward 
   Center                   Wing                     Time % Phy DF OF 
 1 Nathan Horton            Patrick Dwyer            60     1   2  2  
 2 B.J. Crombeen            Ryan Carter              40     1   2  2  

4 vs 4 Defense
   Defense                  Defense                  Time % Phy DF OF 
 1 Jordan Leopold           Matt Hunwick             60     1   2  2  
 2 Ryan Whitney             Steven Kampfer           40     1   2  2  

Last Minutes Offensive
   Center                   Left Wing                Right Wing               Defense                  Defense                  
   Cody McCormick           Patrick Dwyer            Nathan Horton            Jordan Leopold           Matt Hunwick             

Last Minutes Defensive
   Center                   Left Wing                Right Wing               Defense                  Defense                  
   Cody McCormick           Patrick Dwyer            Nathan Horton            Jordan Leopold           Matt Hunwick             

Goaltenders
Starting : Eric Hartzell            
Backup : Farm Player84            

Extra Forwards
Normal : Jean-Francois Jacques, Patrick Kaleta, Trevor Smith - PP : Jean-Francois Jacques, Patrick Kaleta - PK : Trevor Smith
Extra Defensemen
Normal : Nathan Beaulieu, Reece Scarlett, Ryan Whitney - PP : Nathan Beaulieu - PK : Reece Scarlett, Ryan Whitney
Penalty Shots
Nathan Horton, Patrick Dwyer, B.J. Crombeen, Ryan Carter, Cody McCormick

Crunch

5 vs 5 Forward 
   Center                   Left Wing                Right Wing               Time % Phy DF OF 
 1 Corban Knight            Jordin Tootoo            Taylor Pyatt             35     1   2  2  
 2 Travis Oleksuk           Andre Petersson          Eriah Hayes              35     1   2  2  
 3 Phillip Danault          Stanislav Galiev         Anton Zlobin             15     1   2  2  
 4 Mike Sgarbossa           Matt Lindblad            Brodie Reid              15     1   2  2  

5 vs 5 Defense 
   Defense                  Defense                                           Time % Phy DF OF 
 1 Danny Syvret             Chad Billins                                      34     1   2  2  
 2 Zach Trotman             Karl Stollery                                     33     1   2  2  
 3 Nick Jensen              Brett Skinner                                     33     1   2  2  
 4 Danny Syvret             Chad Billins                                      0      0   5  0  

PowerPlay Forward 
   Center                   Left Wing                Right Wing               Time % Phy DF OF 
 1 Corban Knight            Jordin Tootoo            Taylor Pyatt             60     0   1  4  
 2 Travis Oleksuk           Andre Petersson          Eriah Hayes              40     0   2  3  

PowerPlay Defense
   Defense                  Defense                                           Time % Phy DF OF 
 1 Danny Syvret             Chad Billins                                      60     0   2  3  
 2 Zach Trotman             Karl Stollery                                     40     0   2  3  

Penalty Kill 4 Players Forward 
   Center                   Wing                     Time % Phy DF OF 
 1 Travis Oleksuk           Stanislav Galiev         50     1   4  0  
 2 Phillip Danault          Matt Lindblad            50     1   4  0  

Penalty Kill 4 Players Defense
   Defense                  Defense                  Time % Phy DF OF 
 1 Nick Jensen              Brett Skinner            50     1   4  0  
 2 Danny Syvret             Chad Billins             50     1   4  0  

Penalty Kill - 3 Players Forward 
   Forward                                           Time % Phy DF OF 
 1 Travis Oleksuk                                    50     1   4  0  
 2 Phillip Danault                                   50     1   4  0  

Penalty Kill - 3 Players Defense
   Defense                  Defense                  Time % Phy DF OF 
 1 Nick Jensen              Brett Skinner            50     1   4  0  
 2 Danny Syvret             Chad Billins             50     1   4  0  

4 vs 4 Forward 
   Center                   Wing                     Time % Phy DF OF 
 1 Corban Knight            Taylor Pyatt             60     0   1  4  
 2 Travis Oleksuk           Jordin Tootoo            40     1   2  2  

4 vs 4 Defense
   Defense                  Defense                  Time % Phy DF OF 
 1 Danny Syvret             Chad Billins             50     1   2  2  
 2 Zach Trotman             Karl Stollery            50     1   2  2  

Last Minutes Offensive
   Center                   Left Wing                Right Wing               Defense                  Defense                  
   Corban Knight            Jordin Tootoo            Taylor Pyatt             Danny Syvret             Chad Billins             

Last Minutes Defensive
   Center                   Left Wing                Right Wing               Defense                  Defense                  
   Corban Knight            Andre Petersson          Taylor Pyatt             Danny Syvret             Chad Billins             

Goaltenders
Starting : John Curry               
Backup : Richard Bachman          

Extra Forwards
Normal : Taylor Pyatt, Jordin Tootoo, Eriah Hayes - PP : Taylor Pyatt, Jordin Tootoo - PK : Taylor Pyatt
Extra Defensemen
Normal : Danny Syvret, Chad Billins, Karl Stollery - PP : Danny Syvret - PK : Danny Syvret, Chad Billins
Penalty Shots
Andre Petersson, Eriah Hayes, Jordin Tootoo, Taylor Pyatt, Matt Lindblad

% Time on Ice - Bulldogs

Lines # - Real PCT - Wanted PCT - Time Play
Normal Forward
1 - 23% - 35% - 9:28
2 - 31% - 30% - 12:53
3 - 26% - 22% - 10:36
4 - 20% - 13% - 8:22
Normal Defense
1 - 30% - 35% - 12:35
2 - 36% - 30% - 14:56
3 - 31% - 22% - 12:48
4 - 2% - 13% - 1:00
PP Forward
1 - 51% - 60% - 5:20
2 - 49% - 40% - 5:07
PP Defense
1 - 59% - 60% - 6:13
2 - 41% - 40% - 4:14
PK Forward
1 - 79% - 60% - 6:11
2 - 21% - 40% - 1:38
PK Defense
1 - 65% - 60% - 5:07
2 - 35% - 40% - 2:42
PK3 Forward
1 - 0% - 60%
2 - 0% - 40%
PK3 Defense
1 - 0% - 60%
2 - 0% - 40%
44 Forward
1 - 0% - 60%
2 - 0% - 40%
44 Defense
1 - 0% - 60%
2 - 0% - 40%
Last Minute Offensive  - 0:00
Last Minute Defensive  - 0:25
Total
Forward - 60:00
Defense - 60:00

% Time on Ice - Crunch

Lines # - Real PCT - Wanted PCT - Time Play
Normal Forward
1 - 30% - 35% - 12:10
2 - 30% - 35% - 12:26
3 - 21% - 15% - 8:30
4 - 20% - 15% - 8:02
Normal Defense
1 - 35% - 34% - 14:16
2 - 32% - 33% - 13:05
3 - 32% - 33% - 13:04
4 - 2% - 0% - 0:43
PP Forward
1 - 56% - 60% - 4:23
2 - 44% - 40% - 3:26
PP Defense
1 - 54% - 60% - 4:12
2 - 46% - 40% - 3:37
PK Forward
1 - 49% - 50% - 5:08
2 - 51% - 50% - 5:19
PK Defense
1 - 56% - 50% - 5:53
2 - 44% - 50% - 4:34
PK3 Forward
1 - 0% - 50%
2 - 0% - 50%
PK3 Defense
1 - 0% - 50%
2 - 0% - 50%
44 Forward
1 - 0% - 60%
2 - 0% - 40%
44 Defense
1 - 0% - 50%
2 - 0% - 50%
Last Minute Offensive  - 0:36
Last Minute Defensive  - 0:00
Total
Forward - 60:00
Defense - 60:00

Play by Play

1st period


0:01 of 1st period - Cody McCormick wins face-off versus Corban Knight in neutral zone.
0:08 of 1st period - Snap shot by Nathan Horton.
0:08 of 1st period - Shot Misses the Net.
0:16 of 1st period - Backhand shot by Jordin Tootoo.
0:16 of 1st period - Shot Misses the Net.
0:18 of 1st period - Backhand shot by Chad Billins.
0:18 of 1st period - Stopped by Eric Hartzell with a rebound.
0:20 of 1st period - Slapshot by Danny Syvret.
0:20 of 1st period - Stopped by Eric Hartzell with a rebound.
0:32 of 1st period - Snap shot by Taylor Pyatt.
0:32 of 1st period - Shot Blocked by Matt Hunwick.
0:52 of 1st period - B.J. Crombeen is hit by Travis Oleksuk and loses puck.
1:19 of 1st period - Wrist shot by B.J. Crombeen.
1:19 of 1st period - Shot Blocked by Andre Petersson.
1:21 of 1st period - Wrist shot by B.J. Crombeen.
1:21 of 1st period - Stopped by John Curry without a rebound.
1:22 of 1st period - Phillip Danault wins face-off versus Trevor Smith in Crunch zone.
1:22 of 1st period - Phillip Danault is hit by Trevor Smith.
1:32 of 1st period - Icing by Karl Stollery.
1:33 of 1st period - Trevor Smith wins face-off versus Phillip Danault in Crunch zone.
1:38 of 1st period - Wrist shot by Trevor Smith.
1:38 of 1st period - Shot Misses the Net.
1:40 of 1st period - Snap shot by Patrick Kaleta.
1:40 of 1st period - Stopped by John Curry with a rebound.
1:54 of 1st period - Wrist shot by Nathan Beaulieu.
1:54 of 1st period - Shot Misses the Net.
2:48 of 1st period - Brett Skinner is hit by Troy Bodie and loses puck.
3:07 of 1st period - Slapshot by Jordin Tootoo.
3:07 of 1st period - Shot Blocked by Ryan Whitney.
3:09 of 1st period - Slapshot by Taylor Pyatt.
3:09 of 1st period - Stopped by Eric Hartzell without a rebound.
3:10 of 1st period - Mark Olver wins face-off versus Corban Knight in Bulldogs zone.
3:10 of 1st period - Mark Olver is hit by Chad Billins.
3:16 of 1st period - Jordin Tootoo is hit by Ryan Whitney.
3:52 of 1st period - Minor Penalty to B.J. Crombeen for Tripping.
3:53 of 1st period - Nathan Horton wins face-off versus Travis Oleksuk in Bulldogs zone.
4:00 of 1st period - Slapshot by Jordan Leopold.
4:00 of 1st period - Stopped by John Curry with a rebound.
4:02 of 1st period - Slapshot by Matt Hunwick.
4:02 of 1st period - Stopped by John Curry with a rebound.
4:04 of 1st period - Slapshot by Jordan Leopold.
4:04 of 1st period - Shot Misses the Net.
4:06 of 1st period - Wrist shot by Patrick Dwyer.
4:06 of 1st period - Shot Blocked by Karl Stollery.
4:08 of 1st period - Snap shot by Patrick Dwyer.
4:08 of 1st period - Stopped by John Curry with a rebound.
4:10 of 1st period - Wrist shot by Patrick Dwyer.
4:10 of 1st period - Goal by Patrick Dwyer - Bulldogs : 1 - Crunch : 0.
4:11 of 1st period - Nathan Horton wins face-off versus Corban Knight in neutral zone.
4:14 of 1st period - Taylor Pyatt is hit by Patrick Dwyer and loses puck.
4:33 of 1st period - Snap shot by Jordin Tootoo.
4:33 of 1st period - Shot Misses the Net.
5:01 of 1st period - Jordan Leopold is hit by Eriah Hayes and loses puck.
5:10 of 1st period - Snap shot by Eriah Hayes.
5:10 of 1st period - Stopped by Eric Hartzell with a rebound.
5:37 of 1st period - Zach Trotman is hit by Jordan Leopold and loses puck.
5:52 of 1st period - Penalty to B.J. Crombeen is over, B.J. Crombeen is back on ice.
6:49 of 1st period - Mike Sgarbossa is hit by Troy Bodie and loses puck.
7:18 of 1st period - Wrist shot by Mark Olver.
7:18 of 1st period - Shot Blocked by Danny Syvret.
9:03 of 1st period - Minor Penalty to Andre Petersson for Hooking.
9:04 of 1st period - Travis Oleksuk wins face-off versus Mark Olver in Crunch zone.
9:19 of 1st period - Wrist shot by B.J. Crombeen.
9:19 of 1st period - Shot Misses the Net.
9:21 of 1st period - Slapshot by Mark Olver.
9:21 of 1st period - Stopped by John Curry with a rebound.
9:36 of 1st period - Off-side.
9:37 of 1st period - Cody McCormick wins face-off versus Phillip Danault in neutral zone.
10:21 of 1st period - Slapshot by Jordan Leopold.
10:21 of 1st period - Stopped by John Curry without a rebound.
10:22 of 1st period - Phillip Danault wins face-off versus Mark Olver in Crunch zone.
10:43 of 1st period - Slapshot by Jordan Leopold.
10:43 of 1st period - Shot Misses the Net.
11:03 of 1st period - Penalty to Andre Petersson is over, Andre Petersson is back on ice.
11:05 of 1st period - Snap shot by Cody McCormick.
11:05 of 1st period - Stopped by John Curry with a rebound.
11:28 of 1st period - Backhand shot by Patrick Kaleta.
11:28 of 1st period - Shot Misses the Net.
11:42 of 1st period - Slapshot by Patrick Kaleta.
11:42 of 1st period - Deflect By Trevor Smith.
11:42 of 1st period - Shot Blocked by Phillip Danault.
11:42 of 1st period - Puck is out of play.
11:43 of 1st period - Corban Knight wins face-off versus Drew LeBlanc in Crunch zone.
11:47 of 1st period - Off-side.
11:48 of 1st period - Corban Knight wins face-off versus Drew LeBlanc in neutral zone.
12:01 of 1st period - Drew LeBlanc is hit by Karl Stollery.
13:34 of 1st period - Brett Skinner is hit by B.J. Crombeen and loses puck.
14:00 of 1st period - Minor Penalty to Ryan Whitney for Delaying the game.
14:01 of 1st period - Corban Knight wins face-off versus Nathan Horton in Bulldogs zone.
14:02 of 1st period - Snap shot by Taylor Pyatt.
14:02 of 1st period - Deflect By Corban Knight.
14:02 of 1st period - Stopped by Eric Hartzell with a rebound.
14:04 of 1st period - Snap shot by Chad Billins.
14:04 of 1st period - Deflect By Taylor Pyatt.
14:04 of 1st period - Shot Blocked by Matt Hunwick.
14:04 of 1st period - Puck is out of play.
14:05 of 1st period - Corban Knight wins face-off versus Nathan Horton in Bulldogs zone.
14:18 of 1st period - Patrick Dwyer is hit by Jordin Tootoo and loses puck.
14:46 of 1st period - Icing by Chad Billins.
14:47 of 1st period - Corban Knight wins face-off versus Nathan Horton in Crunch zone.
15:43 of 1st period - Off-side.
15:44 of 1st period - Nathan Horton wins face-off versus Corban Knight in neutral zone.
16:00 of 1st period - Penalty to Ryan Whitney is over, Ryan Whitney is back on ice.
16:11 of 1st period - Snap shot by Travis Oleksuk.
16:11 of 1st period - Shot Blocked by Jordan Leopold.
16:13 of 1st period - Snap shot by Eriah Hayes.
16:13 of 1st period - Stopped by Eric Hartzell without a rebound.
16:14 of 1st period - Travis Oleksuk wins face-off versus Mark Olver in Bulldogs zone.
16:47 of 1st period - Snap shot by Stanislav Galiev.
16:47 of 1st period - Deflect By Jordan Leopold.
16:47 of 1st period - Shot Misses the Net.
16:47 of 1st period - Puck is out of play.
16:48 of 1st period - Trevor Smith wins face-off versus Mike Sgarbossa in Bulldogs zone.
17:22 of 1st period - Snap shot by Brodie Reid.
17:22 of 1st period - Stopped by Eric Hartzell with a rebound.
17:24 of 1st period - Slapshot by Zach Trotman.
17:24 of 1st period - Shot Blocked by Ryan Whitney.
18:08 of 1st period - Snap shot by Troy Bodie.
18:08 of 1st period - Deflect By Jean-Francois Jacques.
18:08 of 1st period - Shot Misses the Net.
18:08 of 1st period - Puck is out of play.
18:09 of 1st period - Mark Olver wins face-off versus Travis Oleksuk in Crunch zone.
19:07 of 1st period - Patrick Dwyer is hit by Brett Skinner and loses puck.
19:18 of 1st period - Slapshot by Jordan Leopold.
19:18 of 1st period - Stopped by John Curry without a rebound.
19:19 of 1st period - Drew LeBlanc wins face-off versus Corban Knight in Crunch zone.
19:26 of 1st period - Backhand shot by Troy Bodie.
19:26 of 1st period - Stopped by John Curry with a rebound.
19:34 of 1st period - Wrist shot by Jordin Tootoo.
19:34 of 1st period - Deflect By Taylor Pyatt.
19:34 of 1st period - Shot Misses the Net.
19:34 of 1st period - Puck is out of play.
19:35 of 1st period - Jean-Francois Jacques wins face-off versus Corban Knight in Bulldogs zone.
19:40 of 1st period - Karl Stollery is hit by Jean-Francois Jacques and loses puck.
19:51 of 1st period - Drew LeBlanc is hit by Corban Knight and loses puck.
Goals for this period are 1 for Bulldogs vs 0 for Crunch.
Shots for this period are 11 for Bulldogs vs 7 for Crunch.

2nd period


0:01 of 2nd period - Corban Knight wins face-off versus Cody McCormick in neutral zone.
1:04 of 2nd period - B.J. Crombeen is hit by Andre Petersson and loses puck.
1:31 of 2nd period - Minor Penalty to Andre Petersson for High sticking.
1:32 of 2nd period - Cody McCormick wins face-off versus Phillip Danault in Crunch zone.
1:39 of 2nd period - Jordan Leopold is hit by Nick Jensen and loses puck.
2:38 of 2nd period - Cody McCormick is hit by Phillip Danault and loses puck.
3:31 of 2nd period - Penalty to Andre Petersson is over, Andre Petersson is back on ice.
3:48 of 2nd period - Snap shot by Jordin Tootoo.
3:48 of 2nd period - Shot Misses the Net.
3:50 of 2nd period - Slapshot by Zach Trotman.
3:50 of 2nd period - Shot Blocked by Reece Scarlett.
3:52 of 2nd period - Slapshot by Zach Trotman.
3:52 of 2nd period - Stopped by Eric Hartzell without a rebound.
3:53 of 2nd period - Trevor Smith wins face-off versus Corban Knight in Bulldogs zone.
4:04 of 2nd period - Wrist shot by Trevor Smith.
4:04 of 2nd period - Stopped by John Curry with a rebound.
4:22 of 2nd period - Wrist shot by Taylor Pyatt.
4:22 of 2nd period - Stopped by Eric Hartzell with a rebound.
4:26 of 2nd period - Slapshot by Taylor Pyatt.
4:26 of 2nd period - Stopped by Eric Hartzell with a rebound.
4:48 of 2nd period - Reece Scarlett is hit by Eriah Hayes and loses puck.
5:24 of 2nd period - Snap shot by Mark Olver.
5:24 of 2nd period - Stopped by John Curry with a rebound.
5:36 of 2nd period - Andre Petersson is hit by Mark Olver and loses puck.
6:30 of 2nd period - Slapshot by Phillip Danault.
6:30 of 2nd period - Stopped by Eric Hartzell with a rebound.
6:32 of 2nd period - Slapshot by Chad Billins.
6:32 of 2nd period - Shot Misses the Net.
6:34 of 2nd period - Slapshot by Danny Syvret.
6:34 of 2nd period - Stopped by Eric Hartzell with a rebound.
7:00 of 2nd period - Nathan Horton is hit by Chad Billins and loses puck.
7:55 of 2nd period - Icing by Matt Lindblad.
7:56 of 2nd period - Mike Sgarbossa wins face-off versus Mark Olver in Crunch zone.
8:32 of 2nd period - Brett Skinner is hit by Steven Kampfer and loses puck.
8:55 of 2nd period - Slapshot by Nathan Beaulieu.
8:55 of 2nd period - Deflect By Jean-Francois Jacques.
8:55 of 2nd period - Shot Blocked by Taylor Pyatt.
8:55 of 2nd period - Puck is out of play.
8:56 of 2nd period - Corban Knight wins face-off versus Drew LeBlanc in Crunch zone.
9:23 of 2nd period - Patrick Dwyer is hit by Nick Jensen.
9:53 of 2nd period - Icing by Zach Trotman.
9:54 of 2nd period - Brandon Yip wins face-off versus Mike Sgarbossa in Crunch zone.
9:55 of 2nd period - Wrist shot by Mark Olver.
9:55 of 2nd period - Shot Misses the Net.
10:33 of 2nd period - Danny Syvret is hit by Trevor Smith and loses puck.
10:58 of 2nd period - Slapshot by Jordan Leopold.
10:58 of 2nd period - Deflect By Ryan Carter.
10:58 of 2nd period - Shot Misses the Net.
10:58 of 2nd period - Puck is out of play.
10:59 of 2nd period - Cody McCormick wins face-off versus Travis Oleksuk in Crunch zone.
11:00 of 2nd period - Wrist shot by Nathan Horton.
11:00 of 2nd period - Stopped by John Curry with a rebound.
11:02 of 2nd period - Snap shot by Nathan Horton.
11:02 of 2nd period - Stopped by John Curry without a rebound.
11:03 of 2nd period - Cody McCormick wins face-off versus Travis Oleksuk in Crunch zone.
11:09 of 2nd period - Minor Penalty to Andre Petersson for Tripping.
11:10 of 2nd period - Travis Oleksuk wins face-off versus Cody McCormick in Crunch zone.
11:41 of 2nd period - Slapshot by Jordan Leopold.
11:41 of 2nd period - Goal by Jordan Leopold - Bulldogs : 2 - Crunch : 0.
11:42 of 2nd period - Corban Knight wins face-off versus Mark Olver in neutral zone.
12:46 of 2nd period - Snap shot by Nathan Horton.
12:46 of 2nd period - Stopped by John Curry without a rebound.
12:47 of 2nd period - Travis Oleksuk wins face-off versus Cody McCormick in Crunch zone.
12:54 of 2nd period - Snap shot by Travis Oleksuk.
12:54 of 2nd period - Shot Misses the Net.
13:13 of 2nd period - Minor Penalty to Chad Billins for Tripping.
13:14 of 2nd period - Mark Olver wins face-off versus Travis Oleksuk in Crunch zone.
13:33 of 2nd period - Slapshot by Jordan Leopold.
13:33 of 2nd period - Deflect By Brandon Yip.
13:33 of 2nd period - Shot Misses the Net.
13:33 of 2nd period - Puck is out of play.
13:34 of 2nd period - Mark Olver wins face-off versus Travis Oleksuk in Crunch zone.
14:21 of 2nd period - Snap shot by Nathan Horton.
14:21 of 2nd period - Stopped by John Curry with a rebound.
14:37 of 2nd period - Phillip Danault is hit by Ryan Whitney and loses puck.
14:56 of 2nd period - Snap shot by Matt Lindblad.
14:56 of 2nd period - Stopped by Eric Hartzell with a rebound.
15:13 of 2nd period - Penalty to Chad Billins is over, Chad Billins is back on ice.
15:16 of 2nd period - Cody McCormick is hit by Chad Billins and loses puck.
15:33 of 2nd period - Patrick Kaleta is hit by Jordin Tootoo and loses puck.
15:44 of 2nd period - Slapshot by Jordin Tootoo.
15:44 of 2nd period - Stopped by Eric Hartzell with a rebound.
15:46 of 2nd period - Wrist shot by Taylor Pyatt.
15:46 of 2nd period - Shot Misses the Net.
15:48 of 2nd period - Slapshot by Corban Knight.
15:48 of 2nd period - Shot Blocked by Patrick Kaleta.
15:50 of 2nd period - Slapshot by Corban Knight.
15:50 of 2nd period - Shot Blocked by Reece Scarlett.
16:51 of 2nd period - Wrist shot by Jean-Francois Jacques.
16:51 of 2nd period - Shot Misses the Net.
16:53 of 2nd period - Snap shot by Jean-Francois Jacques.
16:53 of 2nd period - Shot Misses the Net.
16:55 of 2nd period - Snap shot by Drew LeBlanc.
16:55 of 2nd period - Stopped by John Curry without a rebound.
16:56 of 2nd period - Mark Olver wins face-off versus Brodie Reid in Crunch zone.
17:19 of 2nd period - Wrist shot by Brandon Yip.
17:19 of 2nd period - Shot Blocked by Danny Syvret.
17:21 of 2nd period - Slapshot by Jordan Leopold.
17:21 of 2nd period - Deflect By Chad Billins.
17:21 of 2nd period - Stopped by John Curry with a rebound.
17:56 of 2nd period - Snap shot by Stanislav Galiev.
17:56 of 2nd period - Shot Misses the Net.
17:58 of 2nd period - Snap shot by Stanislav Galiev.
17:58 of 2nd period - Deflect By Anton Zlobin.
17:58 of 2nd period - Shot Blocked by Reece Scarlett.
17:58 of 2nd period - Puck is out of play.
17:59 of 2nd period - Corban Knight wins face-off versus Drew LeBlanc in Bulldogs zone.
19:03 of 2nd period - Snap shot by Ryan Whitney.
19:03 of 2nd period - Shot Blocked by Nick Jensen.
19:05 of 2nd period - Slapshot by Steven Kampfer.
19:05 of 2nd period - Shot Misses the Net.
19:15 of 2nd period - Snap shot by Trevor Smith.
19:15 of 2nd period - Shot Misses the Net.
19:17 of 2nd period - Slapshot by Patrick Kaleta.
19:17 of 2nd period - Stopped by John Curry with a rebound.
19:19 of 2nd period - Slapshot by Steven Kampfer.
19:19 of 2nd period - Deflect By Phillip Danault.
19:19 of 2nd period - Stopped by John Curry with a rebound.
19:49 of 2nd period - Matt Lindblad is hit by Ryan Whitney and loses puck.
Goals for this period are 1 for Bulldogs vs 0 for Crunch.
Shots for this period are 11 for Bulldogs vs 7 for Crunch.

3rd period


0:01 of 3rd period - Cody McCormick wins face-off versus Travis Oleksuk in neutral zone.
1:01 of 3rd period - B.J. Crombeen is hit by Taylor Pyatt and loses puck.
1:08 of 3rd period - Wrist shot by Taylor Pyatt.
1:08 of 3rd period - Stopped by Eric Hartzell with a rebound.
1:10 of 3rd period - Wrist shot by Taylor Pyatt.
1:10 of 3rd period - Shot Blocked by Ryan Whitney.
1:12 of 3rd period - Wrist shot by Corban Knight.
1:12 of 3rd period - Shot Blocked by Brandon Yip.
1:14 of 3rd period - Slapshot by Brett Skinner.
1:14 of 3rd period - Stopped by Eric Hartzell without a rebound.
1:15 of 3rd period - Trevor Smith wins face-off versus Mike Sgarbossa in Bulldogs zone.
1:51 of 3rd period - Slapshot by Mike Sgarbossa.
1:51 of 3rd period - Shot Misses the Net.
1:53 of 3rd period - Slapshot by Brett Skinner.
1:53 of 3rd period - Goal by Brett Skinner - Bulldogs : 2 - Crunch : 1.
1:54 of 3rd period - Travis Oleksuk wins face-off versus Cody McCormick in neutral zone.
2:37 of 3rd period - Minor Penalty to B.J. Crombeen for Cross-checking.
2:38 of 3rd period - Corban Knight wins face-off versus Nathan Horton in Bulldogs zone.
2:39 of 3rd period - Wrist shot by Jordin Tootoo.
2:39 of 3rd period - Stopped by Eric Hartzell with a rebound.
2:41 of 3rd period - Wrist shot by Chad Billins.
2:41 of 3rd period - Stopped by Eric Hartzell without a rebound.
2:42 of 3rd period - Corban Knight wins face-off versus Nathan Horton in Bulldogs zone.
2:57 of 3rd period - Wrist shot by Jordin Tootoo.
2:57 of 3rd period - Stopped by Eric Hartzell with a rebound.
2:59 of 3rd period - Wrist shot by Corban Knight.
2:59 of 3rd period - Stopped by Eric Hartzell with a rebound.
3:35 of 3rd period - Nathan Horton is hit by Eriah Hayes and loses puck.
3:40 of 3rd period - Wrist shot by Andre Petersson.
3:40 of 3rd period - Shot Misses the Net.
3:42 of 3rd period - Wrist shot by Travis Oleksuk.
3:42 of 3rd period - Shot Blocked by Ryan Whitney.
3:44 of 3rd period - Slapshot by Karl Stollery.
3:44 of 3rd period - Shot Misses the Net.
4:37 of 3rd period - Penalty to B.J. Crombeen is over, B.J. Crombeen is back on ice.
4:43 of 3rd period - Slapshot by Eriah Hayes.
4:43 of 3rd period - Stopped by Eric Hartzell without a rebound.
4:44 of 3rd period - Mark Olver wins face-off versus Eriah Hayes in Bulldogs zone.
5:01 of 3rd period - Slapshot by Nathan Beaulieu.
5:01 of 3rd period - Stopped by John Curry with a rebound.
5:03 of 3rd period - Wrist shot by Mark Olver.
5:03 of 3rd period - Shot Misses the Net.
5:05 of 3rd period - Snap shot by Mark Olver.
5:05 of 3rd period - Shot Misses the Net.
5:07 of 3rd period - Snap shot by Mark Olver.
5:07 of 3rd period - Goal by Mark Olver - Bulldogs : 3 - Crunch : 1.
5:08 of 3rd period - Trevor Smith wins face-off versus Phillip Danault in neutral zone.
6:05 of 3rd period - B.J. Crombeen is hit by Taylor Pyatt and loses puck.
7:26 of 3rd period - Minor Penalty to Chad Billins for Hooking.
7:27 of 3rd period - Cody McCormick wins face-off versus Travis Oleksuk in Crunch zone.
7:43 of 3rd period - Brett Skinner is hit by Cody McCormick and loses puck.
8:28 of 3rd period - Snap shot by Mark Olver.
8:28 of 3rd period - Stopped by John Curry with a rebound.
8:30 of 3rd period - Slapshot by Mark Olver.
8:30 of 3rd period - Shot Misses the Net.
9:07 of 3rd period - Wrist shot by Phillip Danault.
9:07 of 3rd period - Stopped by Eric Hartzell without a rebound.
9:08 of 3rd period - Phillip Danault wins face-off versus Cody McCormick in Bulldogs zone.
9:26 of 3rd period - Penalty to Chad Billins is over, Chad Billins is back on ice.
9:39 of 3rd period - Taylor Pyatt is hit by Ryan Whitney and loses puck.
10:15 of 3rd period - Icing by Karl Stollery.
10:16 of 3rd period - Travis Oleksuk wins face-off versus Drew LeBlanc in Crunch zone.
10:21 of 3rd period - Snap shot by Jordan Leopold.
10:21 of 3rd period - Shot Misses the Net.
11:08 of 3rd period - Anton Zlobin is hit by Patrick Dwyer and loses puck.
11:44 of 3rd period - Snap shot by Chad Billins.
11:44 of 3rd period - Stopped by Eric Hartzell without a rebound.
11:45 of 3rd period - Mike Sgarbossa wins face-off versus Trevor Smith in Bulldogs zone.
12:18 of 3rd period - Steven Kampfer is hit by Nick Jensen and loses puck.
12:40 of 3rd period - Slapshot by Chad Billins.
12:40 of 3rd period - Shot Misses the Net.
13:03 of 3rd period - Backhand shot by Nathan Beaulieu.
13:03 of 3rd period - Shot Blocked by Taylor Pyatt.
13:15 of 3rd period - Slapshot by Nathan Beaulieu.
13:15 of 3rd period - Stopped by John Curry without a rebound.
13:16 of 3rd period - Cody McCormick wins face-off versus Travis Oleksuk in Crunch zone.
13:29 of 3rd period - Snap shot by Patrick Dwyer.
13:29 of 3rd period - Shot Misses the Net.
13:31 of 3rd period - Wrist shot by Cody McCormick.
13:31 of 3rd period - Stopped by John Curry with a rebound.
13:33 of 3rd period - Backhand shot by Reece Scarlett.
13:33 of 3rd period - Deflect By Nathan Horton.
13:33 of 3rd period - Shot Misses the Net.
13:33 of 3rd period - Puck is out of play.
13:34 of 3rd period - Cody McCormick wins face-off versus Phillip Danault in Crunch zone.
14:18 of 3rd period - Icing by Anton Zlobin.
14:19 of 3rd period - Phillip Danault wins face-off versus Mark Olver in Crunch zone.
14:19 of 3rd period - Phillip Danault is hit by Brandon Yip.
14:54 of 3rd period - B.J. Crombeen is hit by Andre Petersson and loses puck.
15:22 of 3rd period - Minor Penalty to Drew LeBlanc for Delaying the game.
15:23 of 3rd period - Corban Knight wins face-off versus Nathan Horton in Bulldogs zone.
17:05 of 3rd period - Eriah Hayes is hit by B.J. Crombeen and loses puck.
17:12 of 3rd period - Slapshot by Danny Syvret.
17:12 of 3rd period - Shot Misses the Net.
17:14 of 3rd period - Backhand shot by Travis Oleksuk.
17:14 of 3rd period - Goal by Travis Oleksuk - Bulldogs : 3 - Crunch : 2.
17:15 of 3rd period - Trevor Smith wins face-off versus Mike Sgarbossa in neutral zone.
17:23 of 3rd period - Matt Lindblad beats up Ryan Whitney.
17:23 of 3rd period - Penalty to Matt Lindblad for Fighting.
17:23 of 3rd period - Penalty to Ryan Whitney for Fighting.
17:23 of 3rd period - Penalty to Matt Lindblad for instigated a fight.
17:23 of 3rd period - Penalty to Matt Lindblad for instigated a fight.
17:24 of 3rd period - Travis Oleksuk wins face-off versus Mark Olver in neutral zone.
17:35 of 3rd period - Snap shot by B.J. Crombeen.
17:35 of 3rd period - Stopped by John Curry without a rebound.
17:36 of 3rd period - Travis Oleksuk wins face-off versus Mark Olver in Crunch zone.
17:45 of 3rd period - Snap shot by Nathan Beaulieu.
17:45 of 3rd period - Shot Misses the Net.
18:56 of 3rd period - B.J. Crombeen is hit by Nick Jensen and loses puck.
19:23 of 3rd period - Penalty to Matt Lindblad is over, Brodie Reid is send on ice.
19:30 of 3rd period - Nick Jensen is hit by Patrick Dwyer and loses puck.
Goals for this period are 1 for Bulldogs vs 2 for Crunch.
Shots for this period are 6 for Bulldogs vs 11 for Crunch.


Output by the SimonT Hockey Simulator (STHS) for Eric Dolegowski -- Original Page W3C XHTML 1.0 Valid
Hockey Simulator - Hockey Simulation - Hockey Manager